 Dungeon Crawl Stone Soup version 0.20-b1-2-gc5a9893 (webtiles) character file.

12293 tcpcsj the Basher (level 11, -2/145 HPs)
             Began as a Minotaur Berserker on May 21, 2017.
             Was a High Priest of Trog.
             Slain by a two-headed ogre
             ... wielding a +0 giant club
              (13 damage)
             ... on level 9 of the Dungeon.
             The game lasted 00:32:04 (6890 turns).

tcpcsj the Basher (Minotaur Berserker)              Turns: 6890, Time: 00:32:05

Health: -2/145     AC: 24    Str: 29    XL:     11   Next: 60%
Magic:  10/10      EV: 10    Int:  4    God:    Trog [*****.]
Gold:   600        SH:  0    Dex: 11    Spells: 10/10 levels left

rFire    . . .     SeeInvis .   b - +3 flail (protect)
rCold    . . .     Gourm    .   (no shield)
rNeg     . . .     Faith    .   t - +1 plate armour
rPois    .         Spirit   .   J - +0 hat
rElec    .         Reflect  .   (no cloak)
rCorr    .         Harm     .   l - +1 pair of gloves
MR       ++...                  (no boots)
Stlth    ..........             (no amulet)
Regen    1.4/turn               (no ring)
MPRegen  0.2/turn               (no ring)

@: berserking, protection aura, regenerating, very quick
A: retaliatory headbutt, horns 2
a: Berserk, Trog's Hand, Brothers in Arms, Burn Spellbooks, Renounce Religion


You were on level 9 of the Dungeon.
You worshipped Trog.
Trog was extremely pleased with you.
You were not hungry.

You visited 1 branch of the dungeon, and saw 9 of its levels.

You collected 600 gold pieces.

Inventory:

Hand Weapons
 a - a +0 hand axe
 b - a +3 flail of protection (weapon)
 q - a +1 dagger of freezing
 s - a +3 dagger
 u - a +3 falchion
 x - a cursed -1 broad axe of chopping
 y - a +2 mace of crushing
 G - a +1 dire flail of draining
Missiles
 f - 5 curare-tipped needles
Armour
 l - a +1 pair of gloves (worn)
 t - a +1 plate armour (worn)
 z - a +0 troll leather armour
 J - a +0 hat (worn)
Jewellery
 B - an uncursed ring of ice
Wands
 d - a wand of lightning (4/15)
 o - a wand of polymorph (8/24)
 v - a wand of lightning (8/15)
 C - a wand of paralysis (9/24)
 E - a wand of digging (16/24)
 F - a wand of polymorph (8/24)
Scrolls
 e - 6 scrolls of teleportation
 g - 6 scrolls of amnesia
 i - 7 scrolls of identify
 j - 4 scrolls of fear
 p - a scroll of blinking
 r - 8 scrolls of remove curse
 D - a scroll of fog
Potions
 h - 4 potions of flight
 k - a potion of haste
 m - a potion of heal wounds
 w - a potion of berserk rage
 A - a potion of cancellation
 H - a potion of invisibility {unknown}
 K - a potion of curing
Comestibles
 c - a bread ration
 n - 7 meat rations
 I - 8 royal jellies


   Skills:
 + Level 9.6 Fighting
 + Level 8.1(12.3) Axes
 * Level 14.6(15.3) Maces & Flails
 + Level 9.3 Armour
 + Level 5.8 Dodging
 + Level 2.8 Stealth
 + Level 0.1 Evocations


You had 10 spell levels left.
You didn't know any spells.

Dungeon Overview and Level Annotations

Branches:
Dungeon (9/15)             Temple (0/1) D:7             Orc (0/2) D:9
   Lair: D:8-11

Altars:
Fedhas
Trog

Shops:
D:6 }


Innate Abilities, Weirdness & Mutations

You reflexively headbutt those who attack you in melee.
You have a pair of horns on your head.


Message History

Beogh smites you!
* * * LOW HITPOINT WARNING * * *
The orc warrior closely misses you.
A red film seems to cover your vision as you go berserk!
You feel yourself moving faster!
You feel mighty! The two-headed ogre barely misses you.
The two-headed ogre closely misses you.
The orc warrior hits you from afar with a glaive of protection!
* * * LOW HITPOINT WARNING * * *
Your plate armour prevents you from hitting the two-headed ogre.
You headbutt the two-headed ogre!
The two-headed ogre is moderately wounded.
You barely miss the two-headed ogre.
The two-headed ogre is moderately wounded.
You sock the two-headed ogre!
Your weapon exudes an aura of protection.
The two-headed ogre is heavily wounded.
The two-headed ogre hits you with a giant club!
* * * LOW HITPOINT WARNING * * *
The two-headed ogre hits you with a giant club!
You die...

..≈#....#..#.)..# .# .
.≈#....####...)####....
###....)...........#
#.##############.# #(#
#........# #(#
+........ #(# .oK... .
#.######o'###### ...
###(....@Oo.......
....≈#....############.
. ....≈#.)..# ≈.
P...≈#....# ≈≈.
P...≈#....# ≈≈≈
....≈###### ≈≈≈ ....
≈≈≈≈ ≈≈≈ ♣.. P.≈≈≈. .≈≈
. P..... ≈≈≈


You could see a two-headed ogre, an orc warrior, a big kobold and an orc priest.

Vanquished Creatures
  Gastronok (D:9)
  Erica (D:9)
  2 two-headed ogres
  Pikel (D:6)
  Joseph (D:8)
  A troll (D:9)
  A queen bee (D:8)
  Prince Ribbit (D:7)
  A merfolk (D:9)
  A hippogriff (D:9)
  5 wyverns
  2 hogs (D:9)
  A hungry ghost (D:8)
  Grum (D:9)
  Edmund (D:4)
  A water moccasin (D:9)
  2 sky beasts (D:9)
  7 black bears (D:9)
  2 orc warriors
  4 phantoms
  An ice beast (D:6)
  4 centaurs
  3 ogres
  3 wolves (D:9)
  11 bullfrogs
  The ghost of turnburgler the Sneak, an amateur SpAs of Elyvilon (D:3)
  A gnoll sergeant (D:9)
  A wyvern skeleton (D:6)
  A scorpion (D:4)
  14 killer bees (D:8)
  A howler monkey (D:8)
  4 electric eels (D:9)
  4 crimson imps
  A bullfrog zombie (D:8)
  A centaur zombie (D:5)
  A bullfrog skeleton (D:8)
  5 hounds
  4 jellies
  7 orc priests
  6 orc wizards
  A centaur skeleton (D:4)
  3 gnoll shamans (D:9)
  An iguana (D:4)
  2 worker ants (D:6)
  A hound skeleton (D:7)
  A howler monkey skeleton (D:8)
  2 howler monkey zombies
  14 adders
  A shadow imp (D:5)
  2 adder skeletons
  An adder zombie (D:9)
  4 worms
  9 dart slugs
  10 leopard geckos
  36 orcs
  5 ball pythons
  6 giant cockroaches
  5 goblins
  2 hobgoblins
  14 jackals
  6 kobolds
  5 quokkas
  7 bats
  8 frilled lizards
  A jackal skeleton (D:5)
  A leopard gecko skeleton (D:4)
  7 rats
266 creatures vanquished.

Vanquished Creatures (others)
  A shadow imp (D:6)
1 creature vanquished.

Grand Total: 267 creatures vanquished

Notes
Turn   | Place    | Note
-------+----------+-------------------------------------------
     0 | D:1      | tcpcsj the Minotaur Berserker began the quest for the Orb.
     0 | D:1      | Reached XP level 1. HP: 19/19 MP: 0/0
   241 | D:1      | Reached XP level 2. HP: 24/27 MP: 1/1
   620 | D:2      | Reached XP level 3. HP: 33/33 MP: 2/2
   742 | D:2      | Found a bloodstained altar of Trog.
   804 | D:2      | Reached ** piety under Trog
  1097 | D:2      | Reached XP level 4. HP: 29/41 MP: 3/3
  1323 | D:3      | HP: 2/41 [worm (11)]
  1584 | D:3      | Reached skill level 5 in Axes
  1647 | D:3      | Reached XP level 5. HP: 13/47 MP: 4/4
  1998 | D:3      | Reached skill level 1 in Stealth
  2080 | D:3      | Noticed turnburgler's ghost (amateur SpAs)
  2094 | D:3      | Killed turnburgler's ghost
  2094 | D:3      | Reached skill level 5 in Fighting
  2212 | D:3      | Reached *** piety under Trog
  2285 | D:4      | Reached XP level 6. HP: 39/56 MP: 5/5
  2488 | D:4      | Noticed Edmund
  2503 | D:4      | Killed Edmund
  2503 | D:4      | Reached XP level 7. HP: 41/62 MP: 6/6
  2782 | D:4      | Reached skill level 1 in Maces & Flails
  3135 | D:5      | Entered Level 5 of the Dungeon
  3166 | D:5      | Reached skill level 2 in Maces & Flails
  3166 | D:5      | Reached XP level 8. HP: 52/71 MP: 7/7
  3216 | D:5      | Reached skill level 3 in Maces & Flails
  3315 | D:5      | Reached **** piety under Trog
  3361 | D:5      | Reached skill level 4 in Maces & Flails
  3834 | D:5      | Reached skill level 5 in Maces & Flails
  3920 | D:6      | Found Ulirr's Gadget Emporium.
  3960 | D:6      | Reached skill level 6 in Maces & Flails
  4108 | D:6      | Found a blossoming altar of Fedhas.
  4109 | D:6      | Noticed Pikel
  4142 | D:6      | Killed Pikel
  4142 | D:6      | Reached skill level 8 in Maces & Flails
  4142 | D:6      | Reached XP level 9. HP: 47/79 MP: 8/8
  4366 | D:7      | Noticed Prince Ribbit
  4370 | D:7      | Killed Prince Ribbit
  4370 | D:7      | Reached skill level 5 in Dodging
  4394 | D:7      | Reached ***** piety under Trog
  4436 | D:7      | Reached skill level 9 in Maces & Flails
  4750 | D:7      | Found a staircase to the Ecumenical Temple.
  5080 | D:8      | Reached skill level 5 in Armour
  5138 | D:8      | Reached skill level 10 in Maces & Flails
  5245 | D:8      | Noticed Joseph
  5258 | D:8      | Killed Joseph
  5549 | D:8      | Reached XP level 10. HP: 59/88 MP: 9/9
  5653 | D:8      | Noticed a two-headed ogre
  5663 | D:8      | Reached skill level 11 in Maces & Flails
  5671 | D:8      | Killed a two-headed ogre
  5717 | D:8      | Reached skill level 12 in Maces & Flails
  6097 | D:9      | Reached skill level 13 in Maces & Flails
  6263 | D:9      | Found a staircase to the Orcish Mines.
  6440 | D:9      | Noticed Grum
  6443 | D:9      | Reached XP level 11. HP: 94/95 MP: 10/10
  6467 | D:9      | Killed Grum
  6614 | D:9      | Noticed Gastronok
  6637 | D:9      | Killed Gastronok
  6637 | D:9      | Reached skill level 14 in Maces & Flails
  6662 | D:9      | Noticed Erica
  6673 | D:9      | Killed Erica
  6834 | D:9      | Noticed a two-headed ogre
  6855 | D:9      | Killed a two-headed ogre
  6881 | D:9      | Noticed a two-headed ogre
  6890 | D:9      | Slain by a two-headed ogre

Skill      XL: |  1  2  3  4  5  6  7  8  9 10 11 |
---------------+----------------------------------+-----
Fighting       | 4 5 6 7 8 9 |  9.6
Axes           | 4 5 6 7 8 |  8.1
Stealth        | 1 2 |  2.8
Dodging        | 3 4 5 |  5.8
Armour         | 3 4 5 7 9 |  9.3
Maces & Flails | 2 8 10 13 14 | 14.6
Evocations     | |  0.1

Action                   |  1- 3 |  4- 6 |  7- 9 | 10-12 || total
-------------------------+-------+-------+-------+-------++-------
Melee: Hand axe          |    57 |   164 |       |       ||   221
       Headbutt          |     4 |    21 |    62 |    61 ||   148
       Flail             |       |       |   262 |   288 ||   550
Invok: Berserk           |       |     1 |     2 |     3 ||     6
       Trog's Hand       |       |     1 |     1 |     5 ||     7
       Burn Spellbooks   |       |       |       |     2 ||     2
Evoke: Wand              |       |       |     3 |       ||     3
  Use: Scroll            |       |       |    10 |     6 ||    16
       Potion            |       |       |     8 |     2 ||    10
 Stab: Sleeping          |     2 |     2 |     4 |       ||     8
  Eat: Bread ration      |     1 |     1 |       |     2 ||     4
       Fruit             |       |       |     5 |     3 ||     8
       Chunk             |       |       |     2 |       ||     2
       Royal jelly       |       |       |     2 |     1 ||     3
       Meat ration       |       |       |     1 |       ||     1
Armor: Animal skin       |    21 |    15 |       |       ||    36
       Ring mail         |       |     2 |    87 |       ||    89
       Plate armour      |       |       |    18 |   171 ||   189
Dodge: Dodged            |    40 |    95 |   140 |   127 ||   402
